 Dungeon Crawl Stone Soup version 0.28-a0-1632-g283549b12f (webtiles) character file.

Game seed: 6895963288015500173

157 Nattfarinn the Cutter (level 5, 0/24 HPs)
             Began as a Vine Stalker Necromancer on Jan 25, 2022.
             Slain by a black bear (3 damage)
             ... on level 4 of the Dungeon.
             The game lasted 00:03:45 (2498 turns).

Nattfarinn the Cutter (Vine Stalker Necromancer)    Turns: 2498, Time: 00:03:46

Health: 0/24       AC:  3    Str: 12    XL:     5   Next: 38%
Magic:  0/9        EV: 12    Int: 15    God:
Gold:   134        SH:  0    Dex: 15    Spells: 7/8 levels left

rFire   . . .      SeeInvis .   c - +2 dagger (freeze)
rCold   . . .      Faith    .   (no shield)
rNeg    . . .      Spirit   +   a - +0 robe
rPois   .          Reflect  .   b - +0 helmet
rElec   .          Harm     .   (no cloak)
rCorr   .          Rampage  .   (no gloves)
Will    .....                   (no boots)
Stlth   ++........              (no amulet)
HPRegen 0.88/turn               (no ring)
MPRegen 0.11/turn               (no ring)

@: no status effects
A: fangs 2, regeneration 1, magic shield, antimagic bite, no potion heal 2
a: no special abilities


You were on level 4 of the Dungeon.
You visited 1 branch of the dungeon, and saw 4 of its levels.

You collected 134 gold pieces.

Inventory:

Hand Weapons
 c - a +2 dagger of freezing (weapon)
Armour
 a - a +0 robe (worn)
 b - a +0 helmet (worn)
 f - a +0 ring mail of willpower
Magical Staves
 j - a staff of death
Scrolls
 e - a scroll of blinking {unknown}
 h - a scroll of magic mapping {unknown}
 k - a scroll of vulnerability {unknown}
 m - a scroll of teleportation {unknown}
 p - a scroll of identify {unknown}
Potions
 d - a potion of attraction {unknown}
 g - a potion of invisibility {unknown}
 i - a potion of flight {unknown}
 l - 2 potions of lignification {unknown}
 n - a potion of might {unknown}
 o - a potion of curing {unknown}


   Skills:
 * Level 4.2 Short Blades
 - Level 1.5 Dodging
 - Level 2.4 Stealth
 - Level 2.4 Spellcasting
 - Level 4.0 Necromancy


You had 7 spell levels left.
You knew the following spells:

 Your Spells              Type           Power      Damage    Failure   Level
a - Pain                  Necr           56%        1d6       4%          1

Your spell library contained the following spells:

 Spells                   Type           Power      Damage    Failure   Level
 Animate Skeleton         Necr           28%        N/A       4%          1
 Vampiric Draining        Necr           14%        2d7       12%         3
 Animate Dead             Necr           7%         N/A       36%         4
 Ignite Poison            Fire/Tmut/Pois 1%         N/A       54%         3
 Mephitic Cloud           Conj/Pois/Air  1%         N/A       54%         3
 Agony                    Necr           14%        N/A       73%         5
 Freezing Cloud           Conj/Ice/Air   0%         6-21      99%         5


Dungeon Overview and Level Annotations

Branches:
Dungeon (4/15)
 Temple: D:4-7

Altars:

Shops:
D:3 :


Innate Abilities, Weirdness & Mutations

You have extremely sharp teeth.
Your natural rate of healing is unusually fast.
When hurt, damage is shared between your health and your magic reserves.
Your bite disrupts and absorbs the magic of your enemies.
Potions cannot restore your health.


Message History

You barely miss the black bear. You bite the black bear. You drain its power.
You feel invigorated.
The black bear is severely wounded.
The black bear bites you.
* * * LOW HITPOINT WARNING * * *
The black bear barely misses you. The black bear closely misses you.
A ball python comes into view.
You barely miss the black bear.
The ball python hisses angrily.
You bite the black bear. You drain its power.
You feel invigorated.
The black bear is almost dead.
The black bear bites you.
* * * LOW HITPOINT WARNING * * *
The black bear misses you. The black bear claws you.
* * * LOW HITPOINT WARNING * * *
The black bear closely misses you. The black bear claws you.
* * * LOW HITPOINT WARNING * * *
The black bear barely misses you.
You barely miss the black bear. You bite the black bear. You drain its power.
You feel invigorated.
The black bear is almost dead.
The black bear bites you.
* * * LOW HITPOINT WARNING * * *
The black bear claws you but does no damage.
The black bear barely misses you.
Unknown command.
Unknown command.
You barely miss the black bear.
The black bear is almost dead.
The black bear closely misses you. The black bear claws you.
* * * LOW HITPOINT WARNING * * *
The black bear claws you.
* * * LOW HITPOINT WARNING * * *
Unknown command.
Unknown command.
You hit the black bear. You freeze the black bear.
You bite the black bear, but do no damage.
The black bear is almost dead.
The black bear bites you!
You die...

#.. ###### ##..
##....#######..^ #
###...#.##.#.##...
..#####.....#.##...#....
......................##
............##.........#
..$..........#.........#
......h@................
............##..........
.....##S....###.........
#..# ##..#.##........##
#. ...#.....#.....# #
......... .. ...........
.#.###..... .. ..


You could see a black bear (berserk) and a ball python.

Vanquished Creatures
  2 gnolls
  4 adders
  An adder skeleton (D:2)
  3 worms
  4 dart slugs
  8 orcs (D:3)
  8 endoplasms
  5 giant cockroaches
  7 goblins
  6 hobgoblins
  2 jackals (D:2)
  3 kobolds
  3 quokkas
  A ball python (D:2)
  4 bats
  4 frilled lizards
  6 rats
71 creatures vanquished.

Notes
Turn   | Place    | Note
-------+----------+-------------------------------------------
     0 | D:1      | Nattfarinn the Vine Stalker Necromancer began the quest for
                  | the Orb.
     0 | D:1      | Reached XP level 1. HP: 9/9 MP: 4/4
   211 | D:1      | Reached XP level 2. HP: 13/13 MP: 6/6
   222 | D:1      | Reached skill level 1 in Short Blades
   488 | D:1      | Reached XP level 3. HP: 15/16 MP: 7/7
  1139 | D:2      | Gained mutation: Your natural rate of healing is unusually
                  | fast. [Vine Stalker growth]
  1139 | D:2      | Reached XP level 4. HP: 21/21 MP: 8/8
  1924 | D:3      | Found Posi's Book Emporium.
  1928 | D:3      | Reached XP level 5. HP: 24/24 MP: 9/9
  1961 | D:3      | Found a faded altar of an unknown god.
  2479 | D:4      | Noticed a black bear
  2498 | D:4      | Slain by a black bear

Illustrated notes

Levels and vault maps discovered:
D:1:      tarquinn_simple_flora_water_f, layout_rooms
D:2:      layout_rooms, cheibrodos_gnoll_hut
D:3:      layout_loops_corners, hellmonk_ecumenical_altar_pennies_from_heaven,
          serial_shops, nicolae_shop_advertising_works
          [nicolae_subvault_shop_adworks]
D:4:      layout_cave_pools, glass_columns_a, fountainhead

Skill      XL: |  1  2  3  4  5 |
---------------+----------------+-----
Short Blades   | 2 3 4 |  4.2
Dodging        | |  1.5
Stealth        | |  2.4
Spellcasting   | |  2.4
Necromancy     | |  4.0

Action                   |  1- 3 |  4- 6 || total
-------------------------+-------+-------++-------
Melee: Unarmed           |    12 |       ||    12
       Dagger            |    69 |   136 ||   205
       Bite              |    24 |    42 ||    66
       Punch             |     1 |     3 ||     4
 Stab: Sleeping          |     5 |     4 ||     9
       Distracted        |       |     1 ||     1
Armor: Robe              |    18 |    30 ||    48
Dodge: Dodged            |    33 |    72 ||   105

Table legend: (Time is in decaauts)
 A = Elapsed time spent in this place.
 B = Non-inter-level travel time spent in this place.
 C = Inter-level travel time spent in this place.
 D = Time resting spent in this place.
 E = Time spent auto-exploring this place.
 F = Levels seen in this place.
 G = Mean time per level.
                   A        B        C        D        E       F      G
               +--------+--------+--------+--------+--------+-----+--------+
         Total |   2470 |   2356 |    114 |    226 |   1646 |   4 |  617.5 |
       Dungeon |   2470 |   2356 |    114 |    226 |   1646 |   4 |  617.5 |
               +--------+--------+--------+--------+--------+-----+--------+

Top non-repeatable levels by time:
     D:1: 1012 daAuts
     D:3: 892 daAuts
     D:2: 483 daAuts
     D:4: 82 daAuts
